 Dungeon Crawl Stone Soup version 0.20.1-2-g1830e616b0 (webtiles) character file.

116 Alfie the Shooter (level 5, 0/39 HPs)
             Began as a Human Hunter on Jan 21, 2020.
             Slain by Alfie's ghost (8 damage)
             ... on level 3 of the Dungeon.
             The game lasted 00:07:45 (1484 turns).

Alfie the Shooter (Human Hunter)                    Turns: 1484, Time: 00:07:45

Health: 0/39       AC:  3    Str: 14    XL:     5   Next: 21%
Magic:  5/5        EV: 12    Int: 11    God:
Gold:   52         SH:  0    Dex: 13    Spells: 4/4 levels left

rFire    . . .     SeeInvis .   a - +1 shortbow
rCold    . . .     Gourm    .   (shield currently unavailable)
rNeg     . . .     Faith    .   c - +0 leather armour
rPois    .         Spirit   .   (no helmet)
rElec    .         Reflect  .   (no cloak)
rCorr    .         Harm     .   (no gloves)
MR       .....                  (no boots)
Stlth    +.........             (no amulet)
Regen    0.2/turn               (no ring)
MPRegen  0.1/turn               (no ring)

@: no status effects
A: no striking features
a: no special abilities


You were on level 3 of the Dungeon.
You were not hungry.

You visited 1 branch of the dungeon, and saw 3 of its levels.

You collected 52 gold pieces.

Inventory:

Hand Weapons
 a - a +1 shortbow (weapon)
 b - a +0 short sword
Missiles
 d - 27 arrows (quivered)
Armour
 c - a +0 leather armour (worn)
 h - a +0 pair of boots
Jewellery
 m - a +4 ring of protection {unknown}
Wands
 n - a wand of confusion (18/48)
 r - a wand of flame (35/48)
Scrolls
 k - a scroll of recharging {unknown}
Potions
 e - a potion of brilliance
 g - a potion of degeneration {unknown}
 l - 2 potions of mutation {unknown}
 o - a potion of heal wounds {unknown}
Comestibles
 f - 4 bread rations
 i - a meat ration
 j - 2 fruits


   Skills:
 + Level 2.4 Fighting
 + Level 5.7 Bows
 + Level 1.0 Armour
 + Level 2.0 Dodging
 + Level 1.1 Stealth


You had 4 spell levels left.
You didn't know any spells.

Dungeon Overview and Level Annotations

Branches:
Dungeon (3/15)

Altars:
Nemelex Xobeh
Zin

Annotations:
D:3 Alfie's ghost, amateur HuHu


Message History

Alfie's ghost hits you.
* * * LOW HITPOINT WARNING * * *
The goblin shoots a stone.
The stone closely misses you.
Firing (i - inventory):
d - 29 arrows (quivered)
Press: ? - help, Shift-Dir - straight line, f - Alfie's ghost
Aim: Alfie's ghost You shoot an arrow.
The arrow barely misses Alfie's ghost.
Alfie's ghost hits you.
* * * LOW HITPOINT WARNING * * *
The goblin shoots a stone.
The stone closely misses you.
Firing (i - inventory):
d - 28 arrows (quivered)
Press: ? - help, Shift-Dir - straight line, f - goblin, p - Alfie's ghost
Aim: a goblin, wielding a hunting sling You shoot an arrow.
The arrow hits the goblin.
The goblin is heavily wounded.
Alfie's ghost hits you.
* * * LOW HITPOINT WARNING * * *
The goblin shoots a stone.
The stone barely misses you. Alfie's ghost hits you!
You die...

#. ........ #. #..#..
#.# ####..... !. ..
.#......##
#.#####.##...##.##
.(#(.......##..##
##g..<......#..##
##)W...# ##..##
#.@..### #..## #.#(.#
#.## #.###### #### #
##.####8###8### #
##..##8...8...8## ###
######...##.........##
...
#........#>........._#
#.
#......####.........##
##
#......####8...8...8##
#


You could see Alfie's ghost and a goblin.

Vanquished Creatures
  Robin (D:2)
  3 adders (D:2)
  A worm (D:2)
  3 dart slugs
  3 leopard geckos
  An orc (D:3)
  4 giant cockroaches
  16 goblins
  12 hobgoblins
  5 kobolds
  A ball python (D:2)
  A bat (D:1)
  5 frilled lizards
  3 rats
59 creatures vanquished.

Notes
Turn   | Place    | Note
-------+----------+-------------------------------------------
     0 | D:1      | Alfie the Human Hunter began the quest for the Orb.
     0 | D:1      | Reached XP level 1. HP: 16/16 MP: 1/1
   103 | D:1      | Reached XP level 2. HP: 15/22 MP: 2/2
   237 | D:1      | Reached XP level 3. HP: 20/27 MP: 3/3
   557 | D:1      | Found a sparkling altar of Nemelex Xobeh.
   687 | D:2      | Reached skill level 5 in Bows
   692 | D:2      | Noticed Robin
   708 | D:1      | Reached XP level 4. HP: 11/33 MP: 4/4
   818 | D:2      | Killed Robin
   893 | D:2      | Reached skill level 1 in Armour
  1015 | D:2      | Reached XP level 5. HP: 39/39 MP: 5/5
  1230 | D:3      | Found a glowing silver altar of Zin.
  1463 | D:3      | Noticed Alfie's ghost (amateur HuHu)
  1484 | D:3      | Slain by Alfie's ghost

Skill      XL: |  1  2  3  4 |
---------------+-------------+-----
Bows           | 5 |  5.7
Armour         | 1 |  1.0
Fighting       | |  2.4
Dodging        | |  2.0
Stealth        | |  1.1

Action                   |  1- 3 |  4- 6 || total
-------------------------+-------+-------++-------
 Fire: Shortbow          |    71 |   100 ||   171
  Use: Scroll            |     2 |     3 ||     5
       Potion            |       |     1 ||     1
  Eat: Royal jelly       |       |     1 ||     1
Armor: Leather armour    |     5 |    11 ||    16
Dodge: Dodged            |     8 |    37 ||    45
